 Dungeon Crawl Stone Soup version 0.31-a0-232-gb1c03b2570 (webtiles) character file.

Game seed: 9297587777255287518

75 qw the Shooter (level 4, -2/36 HPs)
             Began as a Minotaur Hexslinger on July 7, 2023.
             Slain by Grinder (6 damage)
             ... on level 3 of the Dungeon.
             The game lasted 00:00:32 (1345 turns).

qw the Shooter (Minotaur Hexslinger)                Turns: 1345, Time: 00:00:32

Health: -2/36      AC:  5    Str: 13    XL:     4   Next: 11%
Magic:  4/4        EV: 11    Int: 10    God:
Gold:   64         SH:  0    Dex: 14    Spells: 4/5 levels left

rFire   . . .        Y - +1 sling
rCold   . . .        (no shield)
rNeg    . . .        j - +0 ring mail
rPois   .            (helmet restricted)
rElec   .            (no cloak)
rCorr   .            (no gloves)
SInv    .            (no boots)
Will    .....        (no amulet)
Stlth   +            (no ring)
HPRegen 0.26/turn    (no ring)
MPRegen 0.09/turn

%: no passive effects
@: no status effects
A: horns 2, retaliatory headbutt
a: no special abilities


You were on level 3 of the Dungeon.
You visited 1 branch of the dungeon, and saw 3 of its levels.

You collected 64 gold pieces.


Innate Abilities, Weirdness & Mutations

You have a pair of horns on your head.
You reflexively headbutt those who attack you in melee.


   Skills:
 - Level 2.0 Fighting
 + Level 4.4 Ranged Weapons
 - Level 1.0 Armour
 - Level 2.1 Dodging
 - Level 1.0 Spellcasting
 - Level 2.0 Hexes


You had 4 spell levels left.
You knew the following spells:

 Your Spells              Type           Power      Damage    Failure   Level
a - Slow                  Hex            16%        N/A       32%         1

Your spell library contained the following spells:

 Spells                   Type           Power      Damage    Failure   Level
 Inner Flame              Hex/Fire       2%         N/A       82%         3
 Portal Projectile        Hex/Tloc       4%         N/A       82%         3
 Cause Fear               Hex            2%         N/A       97%         4

Inventory:

Hand Weapons
 Y - a +1 sling (weapon)
Armour
 j - a +0 ring mail (worn)
Potions
 c - a potion of cancellation {unknown}
 d - a potion of curing {unknown}
 e - a potion of magic {unknown}
 h - a potion of attraction {unknown}

Dungeon Overview and Level Annotations

Branches:
Dungeon (3/15)

Altars:

Annotations:
D:3 Grinder


Message History

Waypoint 2 assigned to D:3.
You now have 64 gold pieces (gained 6).
Grinder comes into view.
Grinder shouts!
You shoot a sling bullet.
The sling bullet hits Grinder but does no damage.
Grinder blinks!
You shoot a sling bullet.
The sling bullet closely misses Grinder.
You shoot a sling bullet.
The sling bullet closely misses Grinder.
You shoot a sling bullet. The sling bullet barely misses Grinder.
Grinder hits you.
You writhe in agony.
You shoot a sling bullet. The sling bullet barely misses Grinder.
Grinder hits you!
You writhe in agony.
You shoot a sling bullet.
The sling bullet closely misses Grinder.
Grinder hits you!
You shoot a sling bullet.
The sling bullet closely misses Grinder.
Grinder hits you.
You writhe in agony.
Grinder hits you but does no damage.
You shoot a sling bullet. The sling bullet barely misses Grinder.
Grinder hits you.
You shoot a sling bullet. The sling bullet hits Grinder.
Grinder is lightly wounded.
Grinder hits you but does no damage.
You shoot a sling bullet. The sling bullet hits Grinder.
Grinder is lightly wounded.
Grinder gestures at you.
You barely resist. Grinder barely misses you.
You shoot a sling bullet.
The sling bullet closely misses Grinder.
Grinder hits you.
You shoot a sling bullet. The sling bullet hits Grinder.
Grinder is moderately wounded.
Grinder hits you.
You writhe in agony.
You shoot a sling bullet. The sling bullet hits Grinder.
Grinder is moderately wounded.
Grinder hits you.
You die...

$..## .... ..####
#....# #######..#.#
#........#.#
##..........#
...........<###
...#.#@...........
.......5...........
..!................
...$#.........####.
... #.........# #.
....###....# . .#..
#....# #.##. ....#


You could see Grinder.

Vanquished Creatures
  3 adders (D:2)
  2 worms (D:2)
  A dart slug (D:1)
  4 endoplasms
  3 giant cockroaches
  2 goblins
  6 hobgoblins
  3 quokkas
  3 ball pythons
  4 bats
  3 frilled lizards (D:2)
  4 kobolds
38 creatures vanquished.

Notes
Turn   | Place    | Note
-------+----------+-------------------------------------------
     0 | D:1      | qw the Minotaur Hexslinger began the quest for the Orb.
     0 | D:1      | Reached XP level 1. HP: 16/16 MP: 1/1
     0 | D:1      | 0 ||| qw: Version: 0.3-a-46-gb1f654a
     0 | D:1      | 0 ||| qw: Game counter: 2423
     0 | D:1      | 0 ||| qw: Melee chars always use a shield: true
     0 | D:1      | 0 ||| qw: God list: Okawaru
     0 | D:1      | 0 ||| qw: Allow faded altars: false
     0 | D:1      | 0 ||| qw: Do Orc after clearing Dungeon:15 true
     0 | D:1      | 0 ||| qw: Do second Lair branch before Depths: true
     0 | D:1      | 0 ||| qw: Lair rune preference: random
     0 | D:1      | 0 ||| qw: Goals: Normal
     0 | D:1      | 0 ||| PLANNING D:1-11
    43 | D:1      | Reached skill level 3 in Ranged Weapons
    67 | D:1      | Reached XP level 2. HP: 23/23 MP: 2/2
   408 | D:1      | 408 ||| UPGRADING to +0 leather armour.
   418 | D:1      | 418 ||| DROPPING +0 robe.
   419 | D:1      | 419 ||| UPGRADING to +0 ring mail.
   429 | D:1      | 429 ||| DROPPING +0 leather armour.
   430 | D:1      | 430 ||| READING scroll labelled VIJOEMMEAXU.
   431 | D:1      | 431 ||| READING scroll labelled REMUBE DELAA.
   432 | D:1      | 432 ||| READING 2 scrolls labelled UTONGE VOLEVU.
   433 | D:1      | 433 ||| READING scroll labelled DERUHEN VUAFO.
   436 | D:1      | 436 ||| DROPPING scroll of poison.
   437 | D:1      | 437 ||| DROPPING scroll of blinking.
   502 | D:2      | Reached XP level 3. HP: 27/29 MP: 3/3
   536 | D:2      | Reached skill level 4 in Ranged Weapons
   742 | D:2      | Reached skill level 1 in Armour
   900 | D:2      | Reached XP level 4. HP: 29/36 MP: 4/4
  1264 | D:2      | 1264 ||| READING scroll labelled HACVAKHYSENO.
  1265 | D:2      | 1265 ||| READING scroll labelled MUNEDU PAUM.
  1332 | D:3      | Noticed Grinder
  1340 | D:3      | HP: 8/36 [Grinder (2)]
  1345 | D:3      | Slain by Grinder

Levels and vault maps discovered:
D:1:      spicycebolla_green_bress_n_ham, layout_rooms
D:2:      layout_loops_ring, grunt_decor_arrowhead, wad_floor_pattern_2,
          minmay_between
D:3:      layout_basic, minmay_misc_feat_plants, uniq_ijyb,
          uniq_crazy_yiuf_cottage, uniq_grinder

Skill      XL: |  1  2  3 |
---------------+----------+-----
Ranged Weapons | 3 4 |  4.4
Fighting       | 2 |  2.0
Armour         | 1 |  1.0
Dodging        | |  2.1
Spellcasting   | |  1.0
Hexes          | |  2.0

Action                     |  1- 3 |  4- 6 || total
---------------------------+-------+-------++-------
   Fire: Sling             |    89 |    33 ||   122
    Use: Scroll            |     4 |     2 ||     6
 Armour: Ring mail         |    14 |     3 ||    17
  Dodge: Dodged            |    28 |     5 ||    33

Table legend:
 A = Non-vault XP
 B = Vault XP
 C = Vault XP percentage of total XP
 D = Non-vault monster count
 E = Vault monster count
 F = Vault count percentage of total count
                 A         B        C        D         E       F
            +---------+---------+-------+---------+---------+-------
      Total |      64 |      44 |  40.7 |      32 |       6 |  15.8
            +---------+---------+-------+---------+---------+-------
        D:1 |      26 |       0 |   0.0 |      14 |       0 |   0.0
        D:2 |      38 |      44 |  53.7 |      18 |       6 |  25.0
            +---------+---------+-------+---------+---------+-------
